 Dungeon Crawl Stone Soup version 0.30-a0-170-g85af917532 (webtiles) character file.

Game seed: 6441781633575139813

70 qw the Chopper (level 4, 0/28 HPs)
             Began as a Gargoyle Fighter on Oct 1, 2022.
             Slain by Robin
             ... wielding a +0 mace
              (4 damage)
             ... on level 2 of the Dungeon.
             The game lasted 00:00:38 (1412 turns).

qw the Chopper (Gargoyle Fighter)                   Turns: 1412, Time: 00:00:38

Health: 0/28       AC: 10    Str: 22    XL:     4   Next: 22%
Magic:  4/4        EV:  9    Int:  8    God:
Gold:   88         SH:  4    Dex:  9    Spells: 3/3 levels left

rFire   . . .      SeeInvis .    Y - +2 war axe
rCold   . . .      Faith    .    c - +0 buckler
rNeg    + . .      Spirit   .    b - +0 scale mail
rPois   inf        Reflect  .    (no helmet)
rElec   +          Harm     .    (no cloak)
rCorr   .          Rampage  .    (no gloves)
Will    .....                    (no boots)
Stlth   ..........               (no amulet)
HPRegen 0.09/turn                (no ring)
MPRegen 0.09/turn                (no ring)

@: no status effects
A: sickness immunity, AC +3, negative energy resistance 1, electricity
resistance, torment resistance 1, petrification resistance
a: no special abilities


You were on level 2 of the Dungeon.
You visited 1 branch of the dungeon, and saw 2 of its levels.

You collected 88 gold pieces.


Innate Abilities, Weirdness & Mutations

You are immune to sickness and miasma.
Your stone body is resilient. (AC +3)
You are immune to poison.
You resist negative energy. (rN+)
You are resistant to electric shocks. (rElec)
You are resistant to unholy torment.
You are immune to petrification.


   Skills:
 - Level 3.2 Fighting
 + Level 4.0 Axes
 - Level 3.2 Armour
 - Level 3.2 Shields


You had 3 spell levels left.
You didn't know any spells.
Your spell library was empty.

Inventory:

Hand Weapons
 g - a +0 club
 l - the +9 hand axe "Zulosk" {venom, rC+}
   (You found it on level 2 of the Dungeon)

   It poisons the flesh of those it strikes.
   rC:        It protects you from cold.
 Y - a +2 war axe (weapon)
Armour
 b - a +0 scale mail (worn)
 c - a +0 buckler (worn)
Scrolls
 f - a scroll of amnesia {unknown}
 k - a scroll of identify {unknown}
Potions
 a - a potion of mutation {unknown}
 d - 2 potions of might
 e - a potion of flight {unknown}
 h - a potion of degeneration {unknown}
 i - a potion of lignification {unknown}
 j - a potion of resistance {unknown}

Dungeon Overview and Level Annotations

Branches:
Dungeon (2/15)

Altars:

Shops:
D:1 [

Annotations:
D:2 Robin


Message History

Robin throws the goblin at you! The goblin barely misses you. x2
The goblin hits you but does no damage.
You closely miss the goblin. x3
The goblin hits you but does no damage. The goblin hits you with a +0 dagger.
The goblin hits you but does no damage. x4
You closely miss the goblin. You slash the goblin!
You kill the goblin!
You hit the goblin. The goblin hits you but does no damage.
You closely miss the goblin.
The goblin is severely wounded.
You closely miss the goblin. Robin throws the goblin at you!
The goblin hits you but does no damage. x2
The goblin hits you with a +0 dagger. The goblin completely misses you.
The hobgoblin hits you. The goblin hits you with a +0 dagger.
You slash the goblin!
You kill the goblin!
You barely miss the goblin. You closely miss the goblin.
You closely miss Robin. You closely miss the hobgoblin.
Robin throws the goblin at you! The hobgoblin hits you.
The goblin completely misses you. The goblin hits you with a +0 dagger.
You hit Robin but do no damage. You closely miss the hobgoblin.
You slash the goblin!
You kill the goblin!
You hit the goblin. Robin hits you but does no damage.
You block the goblin's attack. The hobgoblin barely misses you.
Your Axes skill increases to level 4!
You hit the goblin.
You kill the goblin!
You barely miss the hobgoblin. You closely miss Robin.
You block Robin's attack.
The hobgoblin hits you but does no damage.
Robin hits you but does no damage.
The hobgoblin hits you but does no damage.
You hit Robin.
Robin is moderately wounded.
You closely miss the hobgoblin. Robin hits you with a +0 mace.
You die...

..#####...###.##.##.....# #...
...............#.##.....## #...
..#.#...#.###............#####...
.......##.# #....................
.#.#....#.###.##.###........<..:.
.#....#.#.##..##.# #.#..#........
.##...#...##.###.###.#..#........
.#....##..#..##))##...#.####.###>
................@g.......# #)# #.
.#<###....#..##g###...#..###.# ..
...# #.#..#.....#.....#...##.##.#
..## #.##...).........#...##..#.#
..## #................#...###.#.#
...# ###..#...........#...# #...#
.#.....#..#....<.g.[.)....# ##..#
######.#.........g......#### #..#
...#...........#.....# #..#


You could see Robin and a hobgoblin (strong).

Vanquished Creatures
  An adder (D:2)
  3 dart slugs
  A bat (D:1)
  4 endoplasms
  4 giant cockroaches
  11 goblins
  7 hobgoblins
  4 jackals (D:1)
  5 kobolds
  2 quokkas
  4 rats (D:1)
46 creatures vanquished.

Vanquished Creatures (others)
  A goblin (D:1)
1 creature vanquished.

Grand Total: 47 creatures vanquished

Notes
Turn   | Place    | Note
-------+----------+-------------------------------------------
     0 | D:1      | qw the Gargoyle Fighter began the quest for the Orb.
     0 | D:1      | Reached XP level 1. HP: 14/14 MP: 1/1
     0 | D:1      | 0 ||| qw: Version: 0.2-a-13-gfc7b4b4
     0 | D:1      | 0 ||| qw: Game counter: 1746
     0 | D:1      | 0 ||| qw: Always use a shield: true
     0 | D:1      | 0 ||| qw: God list: Okawaru
     0 | D:1      | 0 ||| qw: Allow faded altars: false
     0 | D:1      | 0 ||| qw: Do Orc after D:15 true
     0 | D:1      | 0 ||| qw: Do second Lair branch before Depths: true
     0 | D:1      | 0 ||| qw: Lair rune preference: random
     0 | D:1      | 0 ||| qw: Plans: Normal, Zot:1-4, God:TSO, Crypt, Tomb,
                  | Pan, Slime:5, Hells, Abyss, Orb
     0 | D:1      | 0 ||| PLANNING D:1-11
    23 | D:1      | 23 ||| Stepping ~*~*~tactically~*~*~ (stealth).
    25 | D:1      | 25 ||| Stepping ~*~*~tactically~*~*~ (stealth).
    31 | D:1      | Reached skill level 2 in Axes
    32 | D:1      | 32 ||| Stepping ~*~*~tactically~*~*~ (stealth).
    51 | D:1      | Reached XP level 2. HP: 11/19 MP: 2/2
   193 | D:1      | 193 ||| Stepping ~*~*~tactically~*~*~ (stealth).
   323 | D:1      | 323 ||| Stepping ~*~*~tactically~*~*~ (stealth).
   330 | D:1      | 330 ||| Stepping ~*~*~tactically~*~*~ (stealth).
   343 | D:1      | 343 ||| Stepping ~*~*~tactically~*~*~ (stealth).
   345 | D:1      | 345 ||| Stepping ~*~*~tactically~*~*~ (stealth).
   348 | D:1      | 348 ||| Stepping ~*~*~tactically~*~*~ (stealth).
   349 | D:1      | 349 ||| Stepping ~*~*~tactically~*~*~ (stealth).
   357 | D:1      | 357 ||| Stepping ~*~*~tactically~*~*~ (stealth).
   359 | D:1      | 359 ||| Stepping ~*~*~tactically~*~*~ (stealth).
   368 | D:1      | Reached skill level 3 in Axes
   413 | D:1      | 413 ||| Stepping ~*~*~tactically~*~*~ (stealth).
   418 | D:1      | 418 ||| Stepping ~*~*~tactically~*~*~ (stealth).
   420 | D:1      | 420 ||| Stepping ~*~*~tactically~*~*~ (stealth).
   425 | D:1      | 425 ||| Stepping ~*~*~tactically~*~*~ (stealth).
   456 | D:1      | 456 ||| Stepping ~*~*~tactically~*~*~ (stealth).
   468 | D:1      | 468 ||| Stepping ~*~*~tactically~*~*~ (stealth).
   583 | D:1      | Reached XP level 3. HP: 23/23 MP: 3/3
   665 | D:1      | Found Comiutwa's Armour Shoppe.
   674 | D:1      | 674 ||| SHOPLISTING +2 helmet of intelligence (236 gold,
                  | have 55).
   674 | D:1      | 674 ||| SHOPLISTING +2 plate armour of fire resistance (440
                  | gold, have 55).
   833 | D:1      | 833 ||| READING scroll labelled FIOJIDECZA.
   834 | D:1      | 834 ||| READING 2 scrolls labelled HUXOKE SIUTOBB.
   835 | D:1      | 835 ||| READING scroll of enchant weapon.
   835 | D:1      | 835 ||| ENCHANTING +1 war axe.
   836 | D:1      | 836 ||| READING scroll labelled MISACEZ QYINLACE.
   837 | D:1      | 837 ||| READING scroll labelled WAEPPUA PIPIURR.
   988 | D:2      | 988 ||| Stepping ~*~*~tactically~*~*~ (stealth).
   990 | D:2      | 990 ||| Stepping ~*~*~tactically~*~*~ (stealth).
  1149 | D:2      | Reached XP level 4. HP: 22/28 MP: 4/4
  1368 | D:2      | Identified the +9 hand axe "Zulosk" {venom, rC+}
  1398 | D:2      | 1398 ||| Stepping ~*~*~tactically~*~*~ (stealth).
  1400 | D:2      | Noticed Robin
  1401 | D:2      | 1401 ||| Stepping ~*~*~tactically~*~*~ (hiding).
  1409 | D:2      | HP: 3/28 [goblin/+0 dagger[Robin] (5)]
  1411 | D:2      | Reached skill level 4 in Axes
  1412 | D:2      | Slain by Robin

Levels and vault maps discovered:
D:1:      nzn_arrival_settlement, layout_rooms, serial_shops,
          nicolae_shop_competitors_out_of_business,
          corexii_item_surrounded_by_moat
D:2:      layout_rooms, uniq_robin

Skill      XL: |  1  2  3  4 |
---------------+-------------+-----
Axes           | 2 3 4 |  4.0
Fighting       | |  3.2
Armour         | |  3.2
Shields        | |  3.2

Action                   |  1- 3 |  4- 6 || total
-------------------------+-------+-------++-------
Melee: War axe           |    91 |    19 ||   110
  Use: Scroll            |     5 |       ||     5
Armor: Scale mail        |    31 |    19 ||    50
Dodge: Dodged            |    45 |    10 ||    55
Block: Buckler           |    23 |     4 ||    27

Table legend:
 A = Non-vault XP
 B = Vault XP
 C = Vault XP percentage of total XP
 D = Non-vault monster count
 E = Vault monster count
 F = Vault count percentage of total count
                 A         B        C        D         E       F
            +---------+---------+-------+---------+---------+-------
      Total |      79 |      22 |  21.8 |      35 |      11 |  23.9
            +---------+---------+-------+---------+---------+-------
        D:1 |      43 |       0 |   0.0 |      22 |       0 |   0.0
        D:2 |      36 |      22 |  37.9 |      13 |      11 |  45.8
            +---------+---------+-------+---------+---------+-------
